 Dungeon Crawl Stone Soup version 0.25-a0-464-g3004169c2b (webtiles) character file.

Game seed: 8702217322509348502, levelgen mode: deterministic

2118 mopl the Slasher (level 9, -2/69 HPs)
             Began as a Demonspawn Skald on Feb 5, 2020.
             Killed from afar by an electric eel (11 damage)
             ... with a bolt of electricity
             ... on level 6 of the Dungeon.
             The game lasted 00:19:05 (8283 turns).

mopl the Slasher (Demonspawn Skald)                 Turns: 8283, Time: 00:19:05

Health: -2/69      AC: 15    Str: 14    XL:     9   Next: 8%
Magic:  21/21      EV:  6    Int: 15    God:
Gold:   298        SH:  3    Dex: 13    Spells: 4/12 levels left

rFire    + . .     SeeInvis .   a - +0 scimitar (flame)
rCold    . . .     Gourm    .   (no shield)
rNeg     . . .     Faith    .   f - +4 chain mail {rF+}
rPois    .         Spirit   .   (helmet restricted)
rElec    .         Reflect  +   (no cloak)
rCorr    .         Harm     .   E - +0 pair of gloves
MR       +....                  (no boots)
Stlth    ..........             y - +3 amulet of reflection
HPRegen  0.21/turn              s - ring of magical power
MPRegen  0.17/turn              B - ring of protection from magic

@: no status effects
A: horns 2, thin metallic scales 1, powered by pain 1
a: no special abilities


You were on level 6 of the Dungeon.
You were not hungry.

You visited 1 branch of the dungeon, and saw 6 of its levels.
You also visited: Ossuary.

You collected 298 gold pieces.

Inventory:

Hand Weapons
 a - a +0 scimitar of flaming (weapon)
 b - a +1 whip of venom
 n - a +0 long sword
 A - a +0 falchion
 C - a +2 dagger of speed
Missiles
 z - 2 boomerangs (quivered)
Armour
 f - a +4 chain mail of fire resistance (worn)
 p - a +2 chain mail of positive energy
 r - a +1 ring mail of fire resistance
 u - a +3 leather armour of cold resistance
 x - a +0 scale mail of fire resistance
 E - a +0 pair of gloves (worn)
 G - +0 steam dragon scales
Jewellery
 s - a ring of magical power (left hand)
 y - a +3 amulet of reflection (around neck)
 B - a ring of protection from magic (right hand)
Wands
 v - a wand of digging (2)
Scrolls
 d - 2 scrolls of magic mapping
 e - a scroll of immolation {unknown}
 i - 2 scrolls of enchant armour
 j - 3 scrolls of blinking
 l - 3 scrolls of teleportation
 w - 3 scrolls of remove curse
Potions
 g - 2 potions of brilliance
 h - 3 potions of magic {unknown}
 k - 4 potions of flight {unknown}
 m - 2 potions of curing
 o - 2 potions of heal wounds
 q - 3 potions of haste
 t - 2 potions of agility {unknown}
 D - a potion of invisibility {unknown}
Comestibles
 c - 16 rations
 F - 6 chunks of flesh


   Skills:
 + Level 5.9 Fighting
 * Level 7.4 Long Blades
 - Level 0.8 Armour
 - Level 1.7 Dodging
 - Level 2.0 Spellcasting
 - Level 3.1 Hexes
 + Level 5.7 Charms
 - Level 2.0 Translocations


You had 4 spell levels left.
You knew the following spells:

 Your Spells              Type           Power        Failure   Level  Hunger
a - Infusion              Chrm           ###.         52%         1    #......
b - Song of Slaying       Chrm           ###.....     67%         2    ###....
c - Spectral Weapon       Hex/Chrm       ##......     97%         3    ###....
f - Shroud of Golubria    Chrm/Tloc      ##....       89%         2    ###....

Your spell library contained the following spells:

 Spells                   Type           Power        Failure   Level  Hunger
 Summon Small Mammal      Summ           #...         99%         1    #......
 Ozocubu's Armour         Chrm/Ice       ##......     99%         3    ###....
 Call Imp                 Summ           #.......     100%        2    ###....
 Call Canine Familiar     Summ           #.......     100%        3    ###....
 Summon Guardian Golem    Hex/Summ       #.......     100%        3    ###....
 Summon Ice Beast         Ice/Summ       #.......     100%        4    #####..
 Summon Lightning Spire   Summ/Air       #.......     100%        4    #####..


Dungeon Overview and Level Annotations

Branches:
Dungeon (6/15)            Ossuary (visited)
 Temple: D:4-7

Altars:
Elyvilon
Hepliaklqana
Uskayaw
Wu Jian
Zin

Shops:
D:6 *


Innate Abilities, Weirdness & Mutations

You have a pair of horns on your head.
You are partially covered in thin metallic scales. (AC +2)
You sometimes gain a little power by taking damage.


Message History

The electric eel shoots out a bolt of lightning at you!
The bolt of electricity misses the electric eel.
The bolt of electricity hits you!
You closely miss the electric eel. Your headbutt misses the electric eel.
Unknown command.
Your chain mail prevents you from hitting the electric eel.
The electric eel shoots out a bolt of lightning at you!
The bolt of electricity hits you!
Unknown command.
You closely miss the electric eel.
The electric eel shoots out a bolt of lightning at you!
The bolt of electricity hits you.
* * * LOW HITPOINT WARNING * * *
Unknown command.
The electric eel shoots out a bolt of lightning at you!
The bolt of electricity hits you!
* * * LOW HITPOINT WARNING * * *
The electric eel shoots out a bolt of lightning at you!
The bolt of electricity hits you!
You die...

.....#.........#.#.##.#.#.####
..................(##.#.#.#
...................##.#.#.#
##############.##..##.#.#.# #
#.###.##.#.#.# #
######.....(..#.#.# # #
#≈≈≈≈#####(####.#.# # #
≈≈≈≈≈≈###((# #.#.# # #
....≈≈..@..# #.#.# #
.....≈;....# #.#.# #
.≈≈....≈...# #.#.# #
≈..≈;..≈...# #.#.#######
≈....≈≈....# #.#........
.≈≈⌠.......# #.#....#'#(
..⌠≈≈....... ..#....#.#.
≈....≈.....## #..###.## ....
.≈≈..≈.....# #..#.....


You could see 2 electric eels.

Vanquished Creatures
  Maggie (D:6)
  Duvessa (D:4)
  A porcupine (D:6)
  An ice beast (D:5)
  3 ogres
  A sky beast (D:5)
  A phantom (D:6)
  3 centaurs
  4 water moccasin zombies (Ossuary)
  Dowan (D:4)
  A centaur zombie (D:5)
  3 hounds
  An orc priest (D:5)
  Ijyb (D:3)
  Terence (D:3)
  4 worker ants
  2 big kobold zombies (Ossuary)
  A hound zombie (D:5)
  2 mummies (Ossuary)
  2 worker ant zombies (D:5)
  9 adders
  7 adder zombies
  3 worms
  An adder skeleton (D:4)
  3 dart slugs
  3 leopard geckos
  5 orcs
  5 bats
  A giant cockroach (D:1)
  5 gnoll zombies (Ossuary)
  8 goblins
  4 hobgoblins
  6 jackals
  3 quokkas
  2 ball pythons
  8 frilled lizards
  6 hobgoblin zombies (Ossuary)
  7 kobolds
  5 kobold zombies (Ossuary)
  A leopard gecko zombie (D:5)
  4 orc zombies (Ossuary)
  7 rats
138 creatures vanquished.

Notes
Turn   | Place    | Note
-------+----------+-------------------------------------------
     0 | D:1      | mopl the Demonspawn Skald began the quest for the Orb.
     0 | D:1      | Reached XP level 1. HP: 16/16 MP: 3/3
    81 | D:1      | Reached skill level 2 in Long Blades
   428 | D:1      | Gained mutation: You have a pair of small horns on your
                  | head. [demonic ancestry]
   428 | D:1      | Reached XP level 2. HP: 20/22 MP: 5/5
  1339 | D:2      | Reached skill level 3 in Charms
  1339 | D:2      | Reached XP level 3. HP: 28/28 MP: 3/6
  1343 | D:2      | Learned a level 2 spell: Song of Slaying
  1346 | D:2      | Learned a level 2 spell: Shroud of Golubria
  2058 | D:3      | Reached XP level 4. HP: 20/34 MP: 2/7
  2268 | D:3      | Noticed Ijyb
  2289 | D:3      | Killed Ijyb
  2289 | D:3      | Reached skill level 3 in Long Blades
  2289 | D:3      | Reached skill level 1 in Translocations
  2583 | D:3      | Found a glowing silver altar of Zin.
  2584 | D:3      | Found a hazy altar of Hepliaklqana.
  2632 | D:3      | Noticed Terence
  2656 | D:3      | Killed Terence
  2656 | D:3      | Reached skill level 3 in Fighting
  2656 | D:3      | Reached XP level 5. HP: 22/41 MP: 3/8
  2805 | D:3      | Learned a level 3 spell: Spectral Weapon
  2805 | D:3      | Found a white marble altar of Elyvilon.
  3064 | D:3      | Noticed Sigmund
  3065 | D:3      | Noticed Sigmund
  3065 | D:3      | Sigmund changed into Sigmund the hound
  3071 | D:3      | Killed Sigmund the hound
  3437 | D:4      | Found an ornate altar of the Wu Jian Council.
  4091 | D:4      | Reached skill level 1 in Hexes
  4307 | D:4      | Noticed Duvessa
  4314 | D:4      | Noticed Dowan
  4338 | D:4      | Killed Duvessa
  4338 | D:4      | Reached skill level 4 in Long Blades
  4338 | D:4      | Gained mutation: You have a pair of horns on your head.
                  | [demonic ancestry]
  4338 | D:4      | Reached XP level 6. HP: 16/47 MP: 9/9
  4562 | D:4      | Killed Dowan
  4562 | D:4      | Reached skill level 2 in Translocations
  4681 | D:5      | Entered Level 5 of the Dungeon
  4700 | D:5      | Noticed an ice beast
  4848 | D:5      | Killed an ice beast
  4848 | D:5      | Reached skill level 2 in Hexes
  4921 | D:5      | Gained mutation: You sometimes gain a little power by
                  | taking damage. [demonic ancestry]
  4921 | D:5      | Reached XP level 7. HP: 5/53 MP: 10/10
  4931 | D:5      | Reached skill level 4 in Charms
  5287 | D:5      | HP: 2/53 [ogre/cursed -1 giant club (11)]
  5301 | D:5      | HP: 2/53 [adder (2)]
  5637 | D:5      | Reached skill level 4 in Fighting
  5898 | D:5      | Reached skill level 5 in Long Blades
  6510 | D:4      | Found a hazy altar of Hepliaklqana.
  6932 | D:5      | Reached skill level 3 in Hexes
  7039 | D:5      | Gained mutation: You are partially covered in thin metallic
                  | scales. (AC +2) [demonic ancestry]
  7039 | D:5      | Reached XP level 8. HP: 61/61 MP: 11/11
  7133 | D:6      | Found Kalit's Elemental Accessories.
  7223 | D:6      | Reached skill level 6 in Long Blades
  7248 | D:6      | Noticed a +0 hand axe
  7249 | D:6      | Noticed a +0 hand axe
  7255 | D:6      | Reached skill level 5 in Fighting
  7256 | D:6      | Found a hide-covered altar of Uskayaw.
  7465 | D:6      | Noticed Maggie
  7584 | D:6      | Found a sand-covered staircase.
  7592 | Ossuary  | Entered an ossuary
  7603 | Ossuary  | Reached skill level 5 in Charms
  8047 | D:6      | Reached skill level 7 in Long Blades
  8256 | D:6      | Killed Maggie
  8256 | D:6      | Reached XP level 9. HP: 56/69 MP: 12/12
  8283 | D:6      | Killed from afar by an electric eel

Levels and vault maps discovered:
D:1:      psy_arrival_radial02, layout_basic, minivault_14,
          chequers_serial_rivers_room_b, st_stairs_12
D:2:      layout_basic
D:3:      minmay_diamond_boxcup, layout_basic, gammafunk_temple_overflow_statue,
          elyvilon_altar_5, uniq_terence, uniq_sigmund, uniq_ijyb
D:4:      lemuel_upstairs_altar, layout_basic, overflow_temple_1_default,
          serial_corexii_hall, corexii_hall_statues_t,
          chequers_hall_statues_wall_a, uniq_duvessa
D:5:      layout_basic, first_ration, hangedman_decor_points, minivault_24
D:6:      cheibrodos_helix_gallery, layout_basic, dancing_weapons_uskayaw,
          nicolae_ossuary_entry_plus, nicolae_elemental_shop, chequers_avenue,
          uniq_maggie

Skill      XL: |  1  2  3  4  5  6  7  8 |
---------------+-------------------------+-----
Long Blades    | 2 3 4 5 7 |  7.4
Charms         | 3 4 5 |  5.7
Translocations | 1 2 |  2.0
Fighting       | 3 4 5 |  5.9
Hexes          | 1 2 3 |  3.1
Armour         | |  0.8
Dodging        | |  1.7
Spellcasting   | |  2.0

Action                   |  1- 3 |  4- 6 |  7- 9 || total
-------------------------+-------+-------+-------++-------
Melee: Falchion          |    91 |   151 |    99 ||   341
       Headbutt          |    12 |    38 |    74 ||   124
       Dagger            |    14 |    20 |       ||    34
       Unarmed           |       |    13 |       ||    13
       Long sword        |       |       |   256 ||   256
       Whip              |       |       |    23 ||    23
       Scimitar          |       |       |     3 ||     3
Throw: Boomerang         |       |       |     4 ||     4
 Cast: Infusion          |     9 |     9 |     1 ||    19
Evoke: Wand              |       |     2 |     1 ||     3
  Use: Scroll            |       |     6 |     4 ||    10
       Potion            |       |       |     4 ||     4
 Stab: Confused          |       |     2 |       ||     2
  Eat: Chunk             |     4 |     9 |     5 ||    18
       Ration            |       |       |     2 ||     2
Armor: Leather armour    |    26 |     7 |       ||    33
       Skin              |       |     3 |       ||     3
       Ring mail         |       |    36 |       ||    36
       Chain mail        |       |    17 |   215 ||   232
Dodge: Dodged            |    62 |    86 |   105 ||   253
Block: Other             |       |     4 |    43 ||    47
       Rpst.: Falchion   |    19 |    28 |    11 ||    58
       Long sword        |       |       |    17 ||    17

Table legend:
 A = Non-vault XP
 B = Vault XP
 C = Vault XP percentage of total XP
 D = Non-vault monster count
 E = Vault monster count
 F = Vault count percentage of total count
                 A         B        C        D         E       F
            +---------+---------+-------+---------+---------+-------
      Total |    1793 |    1233 |  40.7 |      88 |      50 |  36.2
            +---------+---------+-------+---------+---------+-------
        D:1 |      25 |       4 |  13.8 |      15 |       1 |   6.2
        D:2 |      57 |       0 |   0.0 |      14 |       0 |   0.0
        D:3 |      51 |     146 |  74.1 |      17 |      12 |  41.4
        D:4 |      72 |     226 |  75.8 |       8 |       2 |  20.0
        D:5 |     929 |       0 |   0.0 |      24 |       0 |   0.0
        D:6 |     659 |     398 |  37.7 |      10 |       2 |  16.7
    Ossuary |       0 |     459 | 100.0 |       0 |      33 | 100.0
            +---------+---------+-------+---------+---------+-------
